Map: Base du roi Sejong EC

Players

Sankukai

  • Race: Zerg Zerg
  • League: Gold

해커 - Winner!

  • Race: Terran Terran
  • League: Gold

VOD

Have the link to the VOD?

Description

Time

  • Played on: Sept. 15, 2016, 10:34 a.m.
  • Length: 6:01
Show
View Real Time Build Order
Export as new Build Order

Sankukai Zerg 

Build Orders: Hatch First 

Get SALT Encoding   

  12  0:01  Drone  
  13  0:13  Overlord  
  13  0:23  Drone  
  14  0:33  Drone x2  
  16  0:41  Drone  
  17  0:56  Hatchery  
  16  1:00  Drone  
  17  1:13  Spawning Pool  
  17  1:14  Drone  
  17  1:17  Extractor  
  16  1:20  Drone  
  16  1:22  Drone  
  18  1:44  Drone  
  18  1:45  Drone  
  20  1:51  Overlord  
  20  2:03  Queen  
  22  2:09  Queen  
  22  2:10  Zergling x2  
  22  2:11  Zergling x2  
  26  2:26  Drone x3  
  26  2:28  Metabolic Boost  
  29  2:34  Overlord  
  29  2:37  Drone  
  29  2:42  Queen  
  32  2:47  Extractor  
  32  2:49  Drone x2  
  33  2:55  Overlord  
  32  3:18  Drone x3  
  32  3:19  Drone  
  35  3:24  Lair  
  35  3:27  Queen  
  35  3:33  Evolution Chamber, Drone  
  37  3:34  Evolution Chamber  
  36  4:02  Zerg Missile Weapons Level 1, Roach Warren  
  35  4:04  Zerg Ground Armor Level 1  
  35  4:06  Drone x4  
  35  4:07  Drone  
  40  4:27  Drone x3  
  40  4:28  Drone x5  
  40  4:30  Extractor  
  47  4:31  Extractor  
  46  4:44  Drone x5  
  51  4:51  Overlord  
  51  5:16  Overlord x2, Hatchery  
  51  5:19  Roach x3  
  58  5:21  Roach  
  58  5:38  Roach x4  
  58  5:39  Roach x3  
Show
View Real Time Build Order
Export as new Build Order

해커 Terran - Winner!

Build Orders:  

Get SALT Encoding   

  12  0:01  SCV  
  13  0:13  SCV  
  14  0:22  Supply Depot  
  14  0:25  SCV  
  15  0:44  SCV  
  15  0:47  Barracks  
  16  0:50  Supply Depot  
  16  0:56  SCV  
  17  1:08  SCV  
  18  1:13  Barracks  
  18  1:19  Refinery  
  18  1:20  SCV  
  19  1:32  SCV  
  20  1:44  Orbital Command  
  20  2:06  Marine  
  20  2:08  Refinery  
  21  2:13  SCV  
  21  2:15  Marine  
  23  2:24  Marine  
  24  2:31  Factory, Command Center  
  24  2:36  Marine  
  24  2:42  Marine  
  25  2:53  Bunker  
  25  2:56  Barracks Tech Lab  
  25  3:00  Barracks Reactor  
  25  3:01  SCV  
  26  3:13  SCV  
  26  3:15  Engineering Bay  
  26  3:18  Starport  
  26  3:19  Factory Reactor  
  27  3:25  SCV  
  28  3:29  Supply Depot  
  28  3:40  Marauder  
  30  3:50  SCV  
  30  3:54  Marine x2  
  33  4:06  Orbital Command  
  33  4:09  Medivac x2  
  37  4:11  Factory Tech Lab  
  37  4:12  Marine  
  37  4:13  Marine  
  39  4:21  Refinery  
  39  4:32  Siege Tank  
  39  4:35  Marine x3  
  45  4:42  Liberator  
  45  4:52  Marine  
  45  4:53  Marine  
  45  4:58  Marine  
  51  5:10  Marine x2  
  52  5:30  Medivac  
  54  5:36  Supply Depot  
  54  5:37  Missile Turret  
  54  5:41  Marine x3  
Tags
 
Add a new tag
Caveats
  • Supply blocks, unpowered buildings, or Contaminate may cause inaccurate times.
  • Supply counts are checked every 10 seconds.